 Dungeon Crawl Stone Soup version 0.18.1-8-gdd0e5ea (webtiles) character file.

11954 Quirk the Nimble (level 11, -2/87 HPs)
             Began as a Demonspawn Gladiator on May 20, 2016.
             Was an Elder of Okawaru.
             Slain by an orc knight
             ... wielding a +0 great mace
              (18 damage)
             ... on level 12 of the Dungeon.
             The game lasted 00:29:59 (9986 turns).

Quirk the Nimble (Demonspawn Gladiator)             Turns: 9986, Time: 00:30:00

Health: -2/87      AC: 15    Str: 16    XL:     11   Next: 56%
Magic:  0/11       EV: 17    Int: 14    God:    Okawaru [****..]
Gold:   334        SH: 13    Dex: 15    Spells: 0 memorised, 10 levels left

rFire  . . .     SeeInvis .     y - +2 hand axe (venom)
rCold  + . .     Gourm    .     L - +3 leather armour {rC+}
rNeg   . . .     Faith    .     H - +2 large shield
rPois  +         Spirit   +     c - +0 helmet
rElec  .         Dismiss  .     J - +1 cloak {rPois}
rCorr  .         Reflect  .     W - +0 pair of gloves
SustAt .         Harm     .     (no boots)
MR     .....                    p - amulet of guardian spirit
Stlth  +.........               T - +4 ring of intelligence
                                m - +3 ring of evasion

@: about to teleport, not resistant to hostile enchantments, very unstealthy
A: hooves 2, rough black scales 1, powered by death 1, spiny 1
a: Heroism, Renounce Religion


You were on level 12 of the Dungeon.
You worshipped Okawaru.
Okawaru was greatly pleased with you.
You were not hungry.

You visited 2 branches of the dungeon, and saw 13 of its levels.
You also visited: Bailey.

You collected 532 gold pieces.
You spent 198 gold pieces at shops.

Inventory:

Hand Weapons
 a - a +0 war axe
 y - a +2 hand axe of venom (weapon)
Missiles
 d - 4 throwing nets (quivered)
 P - 3 tomahawks of returning
Armour
 c - a +0 helmet (worn)
 q - a +2 ring mail of fire resistance
 A - a +1 scale mail of magic resistance
 H - a +2 large shield (worn)
 J - a +1 cloak of poison resistance (worn)
 L - a +3 leather armour of cold resistance (worn)
 U - a mottled dragon hide
 W - a +0 pair of gloves (worn)
Jewellery
 m - a +3 ring of evasion (left hand)
 o - an uncursed ring of wizardry
 p - an amulet of guardian spirit (around neck)
 T - a +4 ring of intelligence (right hand)
Wands
 B - a wand of slowing (24/48)
 O - a wand of flame (25/48)
 R - a wand of random effects (25/48)
 S - a wand of random effects (25/48)
Scrolls
 b - 2 scrolls of fog
 k - 3 scrolls of enchant weapon
 l - 3 scrolls of remove curse
 n - 5 scrolls of blinking
 s - 6 scrolls of random uselessness {unknown}
 t - 11 scrolls of identify
 w - 2 scrolls of amnesia {unknown}
 x - a scroll of noise {unknown}
 F - a scroll of immolation {unknown}
 K - a scroll of fear {unknown}
 N - a scroll of silence {unknown}
Potions
 e - 2 potions of brilliance {unknown}
 h - 2 potions of haste
 r - a potion of curing
 v - 3 potions of degeneration {unknown}
 z - 2 potions of lignification {unknown}
 C - 2 potions of flight
 E - 2 potions of cancellation {unknown}
 G - a potion of invisibility {unknown}
 I - 2 potions of magic
Books
 Q - a book of Clouds

   Spells                             Type                      Level
   a - Mephitic Cloud                 Conjuration/Poison/Air       3
   b - Conjure Flame                  Conjuration/Fire             3
   c - Poisonous Cloud                Conjuration/Poison/Air       6
   d - Freezing Cloud                 Conjuration/Ice/Air          6
   e - Ring of Flames                 Charms/Fire                  7
Miscellaneous
 M - a plain deck of defence {the Cloud}
Comestibles
 f - 10 bread rations
 g - 4 slices of pizza
 j - 4 meat rations
 u - a royal jelly
 D - 10 beef jerkies
 V - 8 chunks of flesh


   Skills:
 + Level 8.6 Fighting
 + Level 8.3 Axes
 - Level 1.7 Throwing
 + Level 7.4 Armour
 * Level 11.1 Dodging
 + Level 0.1 Shields


You had 10 spell levels left.
You didn't know any spells.

Dungeon Overview and Level Annotations

Branches:
Dungeon (12/15)            Temple (1/1) D:5            Lair (0/8) D:8
    Orc (0/2) D:11

Altars:
Ashenzari
Cheibriados
Dithmenos
Elyvilon
Fedhas
Gozag
Kikubaaqudgha
Makhleb
Nemelex Xobeh
Okawaru
Pakellas
Qazlal
Ru
Sif Muna
Trog
Vehumet
Xom
Yredelemnul
Zin
The Shining One
Beogh

Shops:
D:8 [


Innate Abilities, Weirdness & Mutations

You have hoof-like feet.
You are partially covered in rough black scales (AC +4, Dex -1).
You regenerate a little health from kills.
You are partially covered in sharp spines.


Message History

The orc warrior is heavily wounded.
Evoking this partially-identified wand wasted a few charges.
The orc warrior hits you from afar with a trident.
Something barely misses you.
Evoke which item? (* to show all) (? for menu, Esc to quit)
Zapping:
S - a wand of random effects {zapped: 2} (will waste charges)
Press: ? - help, Shift-Dir - straight line, f/p - orc warrior
Aim: an orc warrior, wielding a battleaxe and wearing a plate armour (heavily wounded, unusually strong) Nothing appears to happen.
Evoking this partially-identified wand wasted a few charges.
The orc warrior no longer looks unusually strong.
Something hits you!!
* * * LOW HITPOINT WARNING * * *
You block the orc warrior's attack.
Drink which item? (? for menu, Esc to quit)
Okay, then.
Read which item? (? for menu, Esc to quit)
As you read the scroll of teleportation, it crumbles to dust.
You feel strangely unstable. Something hits you!!
You die...

#........##...
####...........#
..........>.####
###........#
####.##### #..#
##.## #..# ###
#.## #@# #.#
######{##
####.####oo..oo.#
#.........#######
#...##.###### ..#
#.# . #.# #.# #o#


You could see 2 orc warriors.

Vanquished Creatures
  The ghost of Kenran the Slicer, a journeyman VSFi of Qazlal (D:10)
  An unseen horror (D:10)
  Pikel (D:6)
  An orc knight (Bailey)
  A hill giant (D:8)
  A manticore (D:11)
  Joseph (D:7)
  Maurice (D:9)
  A gargoyle (D:11)
  A centaur zombie (D:10)
  A two-headed ogre (D:8)
  Prince Ribbit (D:7)
  Duvessa (D:7)
  A vampire (D:11)
  5 yaks (D:12)
  Grum (D:9)
  A hippogriff (D:11)
  Menkaure (D:6)
  3 wargs (D:11)
  A mottled dragon (D:11)
  2 water moccasins
  A black bear (D:8)
  An eye of draining (D:10)
  3 orc warriors
  2 slaves (D:7)
  3 sky beasts
  4 phantoms
  3 wolves (D:9)
  9 centaurs
  7 ogres
  6 giant frogs
  A water moccasin zombie (D:7)
  3 killer bees (D:11)
  An electric eel (D:8)
  11 howler monkeys
  2 crimson imps
  2 giant frog zombies
  A giant frog skeleton (D:11)
  7 hounds
  3 jellies
  3 centaur skeletons
  6 orc priests
  8 orc wizards
  2 iguanas
  Natasha (twice) (D:3)
  6 worker ants
  2 hound zombies (D:6)
  A worker ant zombie (D:9)
  A howler monkey skeleton (D:10)
  14 adders
  6 gnolls (D:3)
  2 shadow imps
  4 oozes
  An adder zombie (D:7)
  3 adder skeletons
  6 worms
  2 dart slugs
  5 giant geckos
  45 orcs
  6 bats
  7 giant cockroaches
  2 gnoll zombies (D:6)
  8 goblins
  8 hobgoblins
  23 jackals
  8 kobolds
  3 quokkas
  2 ball pythons
  2 giant gecko skeletons
  7 giant newts
  11 rats
304 creatures vanquished.

Vanquished Creatures (others)
  2 slaves (D:7)
  An orc warrior (D:7)
  Dowan (D:7)
  A centaur skeleton (D:7)
  An adder skeleton (D:7)
6 creatures vanquished.

Grand Total: 310 creatures vanquished

Notes
Turn   | Place    | Note
--------------------------------------------------------------
     0 | D:1      | Quirk the Demonspawn Gladiator began the quest for the Orb.
     0 | D:1      | Reached XP level 1. HP: 16/16 MP: 1/1
   240 | D:1      | Gained mutation: You are partially covered in rough black scales (AC +4, Dex -1). [demonic ancestry]
   240 | D:1      | Reached XP level 2. HP: 19/22 MP: 2/2
   445 | D:1      | Reached skill level 3 in Dodging
   652 | D:1      | Reached skill level 1 in Armour
   714 | D:1      | Gained mutation: You regenerate a little health from kills. [demonic ancestry]
   714 | D:1      | Reached XP level 3. HP: 25/28 MP: 3/3
   985 | D:2      | Found a white marble altar of Elyvilon.
  1057 | D:2      | Found a white marble altar of Elyvilon.
  1057 | D:2      | Found a glowing silver altar of Zin.
  1057 | D:2      | Found a glowing golden altar of the Shining One.
  1448 | D:2      | Reached XP level 4. HP: 12/34 MP: 4/4
  1571 | D:2      | Found a sacrificial altar of Ru.
  2004 | D:3      | Found a shattered altar of Ashenzari.
  2104 | D:3      | Reached XP level 5. HP: 24/41 MP: 3/5
  2229 | D:3      | Noticed Natasha
  2246 | D:3      | Killed Natasha
  2281 | D:3      | Found a snail-covered altar of Cheibriados.
  2374 | D:3      | Reached skill level 4 in Dodging
  2461 | D:3      | Gained mutation: You have large cloven feet. [demonic ancestry]
  2461 | D:3      | Reached XP level 6. HP: 26/47 MP: 2/6
  2624 | D:3      | Noticed Natasha
  2635 | D:3      | Killed Natasha
  3225 | D:5      | Entered Level 5 of the Dungeon
  3327 | D:5      | Gained mutation: You are partially covered in sharp spines. [demonic ancestry]
  3327 | D:5      | Reached XP level 7. HP: 27/54 MP: 5/7
  3327 | D:5      | Reached skill level 5 in Dodging
  3623 | D:5      | Found a staircase to the Ecumenical Temple.
  3637 | Temple   | Entered the Ecumenical Temple
  4124 | D:6      | Found a sparkling altar of Nemelex Xobeh.
  4188 | D:6      | Gained mutation: You have hoof-like feet. [demonic ancestry]
  4188 | D:6      | Reached XP level 8. HP: 55/61 MP: 6/8
  4219 | D:6      | Reached skill level 6 in Dodging
  4326 | D:6      | Found a basalt altar of Yredelemnul.
  4411 | D:6      | Reached skill level 5 in Fighting
  4411 | D:6      | Reached skill level 5 in Axes
  4431 | D:6      | Found a stormy altar of Qazlal.
  4864 | D:7      | Noticed Menkaure
  4892 | D:6      | Killed Menkaure
  4937 | D:7      | Noticed Pikel
  4979 | D:6      | Killed Pikel
  4979 | D:6      | Reached skill level 7 in Dodging
  4979 | D:6      | Reached XP level 9. HP: 42/69 MP: 6/9
  5103 | D:7      | Reached skill level 5 in Armour
  5164 | D:7      | Noticed Joseph
  5178 | D:7      | Killed Joseph
  5203 | D:7      | Reached skill level 8 in Dodging
  5300 | D:7      | Noticed Prince Ribbit
  5307 | D:7      | Killed Prince Ribbit
  5371 | D:7      | Killed Dowan
  5410 | D:7      | Noticed Duvessa
  5417 | D:7      | Killed Duvessa
  5564 | D:8      | Found Kaanaxaun's Antique Armour Boutique.
  5577 | D:8      | Bought a glowing large shield for 99 gold pieces
  5577 | D:8      | Bought an embroidered cloak for 99 gold pieces
  5626 | D:8      | Reached XP level 10. HP: 77/77 MP: 10/10
  5737 | D:8      | Found a flagged portal.
  5737 | D:8      | Noticed a hill giant
  5755 | D:8      | Killed a hill giant
  5755 | D:8      | Reached skill level 9 in Dodging
  5766 | Bailey   | Entered a bailey
  5766 | Bailey   | Noticed an orc knight
  5905 | Bailey   | Noticed an orc knight
  5906 | Bailey   | Noticed an orc knight
  6265 | Bailey   | Noticed an orc knight
  6281 | Bailey   | Killed an orc knight
  6605 | D:8      | Found an iron altar of Okawaru.
  6608 | D:8      | Became a worshipper of Warmaster Okawaru
  6799 | D:8      | Found a staircase to the Lair.
  7079 | D:9      | Noticed Maurice
  7106 | D:9      | Killed Maurice
  7251 | D:9      | Reached * piety under Okawaru
  7389 | D:9      | Found a sparkling altar of Nemelex Xobeh.
  7465 | D:9      | Found an oddly glowing altar of Pakellas.
  7506 | D:9      | Noticed Grum
  7519 | D:9      | Killed Grum
  7975 | D:9      | Found an opulent altar of Gozag.
  7975 | D:9      | Found a shimmering altar of Xom.
  8098 | D:10     | Entered Level 10 of the Dungeon
  8124 | D:10     | Killed an unseen horror
  8124 | D:10     | Reached ** piety under Okawaru
  8124 | D:10     | Reached skill level 10 in Dodging
  8186 | D:10     | Noticed Kenran's ghost (journeyman VSFi)
  8256 | D:10     | Killed Kenran's ghost
  8256 | D:10     | Reached XP level 11. HP: 42/86 MP: 8/11
  8442 | D:10     | Reached *** piety under Okawaru
  8864 | D:11     | Found a staircase to the Orcish Mines.
  9186 | D:11     | HP: 2/87 [something/vampiric draining (7)]
  9453 | D:11     | Noticed a seven-headed hydra
  9844 | D:12     | Reached **** piety under Okawaru
  9900 | D:12     | Reached skill level 11 in Dodging
  9950 | D:12     | Found a roughly hewn altar of Beogh.
  9950 | D:12     | Noticed an orc knight
  9986 | D:12     | Slain by an orc knight

Skill      XL: |  1  2  3  4  5  6  7  8  9 10 11 |
---------------+----------------------------------+-----
Dodging        | 3 4 5 7 8 10 11 | 11.1
Armour         | 1 2 3 4 5 6 7 |  7.4
Axes           | 3 4 5 6 7 8 |  8.3
Fighting       | 3 4 5 6 8 |  8.6
Throwing       | |  1.7
Shields        | |  0.1

Action                   |  1- 3 |  4- 6 |  7- 9 | 10-12 || total
-------------------------+-------+-------+-------+-------++-------
Melee: War axe           |   139 |   259 |     2 |       ||   400
       Kick              |       |    29 |    95 |   184 ||   308
       Hand axe          |       |       |   236 |   483 ||   719
Evoke: Wand              |       |       |       |     7 ||     7
  Use: Potion            |     6 |       |       |     6 ||    12
       Scroll            |       |       |       |     8 ||     8
  Eat: Chunk             |     2 |     6 |     8 |    13 ||    29
       Royal jelly       |       |       |       |     1 ||     1
Armor: Leather armour    |    62 |    70 |       |     8 ||   140
       Ring mail         |       |    26 |    94 |   172 ||   292
Dodge: Dodged            |   101 |   333 |   221 |   226 ||   881
Block: Large shield      |       |       |    19 |   354 ||   373
